 Dungeon Crawl Stone Soup version 0.29.1-2-gbd0b4ee654 (webtiles) character file.

Game seed: 11572969127935174908

5582 Icepheonix32 the Fighter (level 10, -1/91 HPs)
             Began as a Minotaur Fighter on Nov 2, 2022.
             Was a Believer of Okawaru.
             Slain by a yak (8 damage)
             ... on level 9 of the Dungeon.
             The game lasted 00:22:56 (10024 turns).

Icepheonix32 the Fighter (Minotaur Fighter)        Turns: 10024, Time: 00:22:56

Health: -1/91      AC: 15    Str: 20    XL:     10   Next: 44%
Magic:  9/11       EV: 15    Int:  9    God:    Okawaru [**....]
Gold:   378        SH:  0    Dex: 11    Spells: 9/9 levels left

rFire   . . .      SeeInvis .   O - +11 plutonium sword {Contam Stlth-}
rCold   . . .      Faith    .   (shield currently unavailable)
rNeg    + . .      Spirit   .   q - +1 ring mail of the Equator {rN+}
rPois   .          Reflect  .   (helmet restricted)
rElec   .          Harm     .   (no cloak)
rCorr   .          Rampage  .   n - +1 pair of gloves
Will    .....                   k - +2 pair of boots
Stlth   ++........              (no amulet)
HPRegen 0.25/turn               (no ring)
MPRegen 0.12/turn               (no ring)

@: heroic
A: horns 2, retaliatory headbutt
a: Renounce Religion, Heroism


You were on level 9 of the Dungeon.
You worshipped Okawaru.
Okawaru was pleased with you.
You visited 2 branches of the dungeon, and saw 10 of its levels.
You also visited: Sewer.

You collected 378 gold pieces.

Inventory:

Hand Weapons
 w - a +2 vorpal scimitar
 K - a +2 vorpal scimitar
 M - a +4 hand axe of flaming
 O - the +11 plutonium sword (weapon) {Contam Stlth-}
   (You took it off an orc wizard on level 9 of the Dungeon)

   It occasionally inflicts wild transmutation effects on those it strikes,
   inflicting malmutation or extra damage, or polymorphing them into a new form.
   Contam:    It causes magical contamination when unequipped.
   Stlth:     It makes you less stealthy.
Missiles
 F - 3 boomerangs (quivered)
 N - 12 poisoned darts
Armour
 c - a +0 buckler
 k - a +2 pair of boots (worn)
 n - a +1 pair of gloves (worn)
 q - the +1 ring mail of the Equator (worn) {rN+}
   (You found it on level 3 of the Dungeon)

   rN:        It protects you from negative energy.
 D - +0 steam dragon scales
Magical Staves
 y - a staff of fire
Jewellery
 d - the ring of Departure {rF+ Str+4 SInv}
   (You took it off an orc on level 9 of the Dungeon)

   [ring of protection from fire]

   Str:       It affects your strength (+4).
   rF:        It protects you from fire.
   SInv:      It lets you see invisible.
 j - a ring of willpower
 I - a ring of ice
 P - an amulet of magic regeneration
Wands
 m - a wand of iceblast (1)
 z - a wand of paralysis (7)
 A - a wand of digging (13)
 G - a wand of mindburst (8)
Scrolls
 a - 3 scrolls of fear
 b - a scroll of enchant weapon
 f - 7 scrolls of teleportation
 s - 2 scrolls of fog
 t - a scroll of magic mapping {unknown}
 C - 3 scrolls of torment
 E - 6 scrolls of identify
 H - 4 scrolls of poison
 Q - a scroll of vulnerability {unknown}
Potions
 g - a potion of brilliance
 h - a potion of attraction
 i - a potion of mutation
 v - a potion of invisibility
 x - a potion of flight
 L - a potion of lignification


   Skills:
 * Level 9.6(14.6) Fighting
 - Level 3.5(8.5) Short Blades
 * Level 0.5(7.4) Long Blades
 - Level 4.4(11.0) Axes
 - Level 4.5(10.4) Maces & Flails
 - Level 3.8(9.8) Polearms
 + Level 4.1(9.1) Throwing
 + Level 8.4(13.4) Armour
 + Level 5.8(10.8) Dodging
 + Level 2.5(7.5) Stealth
 + Level 7.1(12.1) Shields
 * Level 3.7 Invocations


You had 9 spell levels left.
You didn't know any spells.
Your spell library contained the following spells:

 Spells                   Type           Power      Damage    Failure   Level
 Freeze                   Ice            0%         1d3       52%         1
 Sting                    Tmut/Pois      0%         1d3       52%         1
 Poisonous Vapours        Pois/Air       0%         N/A       65%         2
 Scorch                   Fire           0%         2d5       65%         2
 Frozen Ramparts          Ice            0%         1d1       87%         3
 Ignite Poison            Fire/Tmut/Pois 0%         N/A       87%         3
 Mephitic Cloud           Conj/Pois/Air  0%         N/A       87%         3
 Portal Projectile        Hex/Tloc       0%         N/A       87%         3
 Flame Wave               Conj/Fire      0%         2d4       99%         4
 Hailstorm                Conj/Ice       0%         3d3       99%         4
 Leda's Liquefaction      Hex/Erth       0%         N/A       99%         4
 Olgreb's Toxic Radiance  Pois           0%         N/A       99%         4
 Freezing Cloud           Conj/Ice/Air   0%         6-21      100%        5
 Call Canine Familiar     Summ           Unusable   N/A       N/A         3
 Summon Cactus Giant      Summ           Unusable   N/A       N/A         6

Dungeon Overview and Level Annotations

Branches:
Dungeon (9/15)             Temple (1/1) D:7             Orc (0/2) D:9
  Sewer (visited)
   Lair: D:8-11

Altars:
Ashenzari
Dithmenos
Elyvilon
Fedhas
Gozag
Hepliaklqana
Kikubaaqudgha
Makhleb
Nemelex Xobeh
Okawaru
Qazlal
Ru
Sif Muna
Trog
Uskayaw
Vehumet
Wu Jian
Xom
Zin
The Shining One

Shops:
D:6 (   D:8 *


Innate Abilities, Weirdness & Mutations

You have a pair of horns on your head.
You reflexively headbutt those who attack you in melee.


Message History

* * * LOW HITPOINT WARNING * * *
The yak gores you!
* * * LOW HITPOINT WARNING * * *
The yak completely misses you. The yak barely misses you.
You furiously retaliate!
You headbutt the yak, but do no damage.
Unknown command.
You are too injured to fight recklessly!
Unknown command.
You are too injured to fight recklessly!
Unknown command.
Unknown command.
You feel better. The yak misses you. You furiously retaliate!
You headbutt the yak. The yak barely misses you. You furiously retaliate!
You headbutt the yak! The yak closely misses you. The yak barely misses you.
The yak gores you.
* * * LOW HITPOINT WARNING * * *
You gain the combat prowess of a mighty hero.
The yak gores you!
* * * LOW HITPOINT WARNING * * *
The yak gores you!
* * * LOW HITPOINT WARNING * * *
The yak barely misses you. x2; The yak closely misses you.
Unknown command.
You slice the yak!!
You kill the yak!
Okawaru accepts your kill. The yak misses you. The yak gores you.
* * * LOW HITPOINT WARNING * * *
The yak gores you.
* * * LOW HITPOINT WARNING * * *
The yak gores you but does no damage.
You feel better. The yak gores you.
* * * LOW HITPOINT WARNING * * *
The yak gores you but does no damage. The yak closely misses you.
You furiously retaliate!
You headbutt the yak, but do no damage. The yak misses you.
You furiously retaliate!
You headbutt the yak! The yak attacks as you move away!
The yak gores you but does no damage. The yak attacks as you move away!
The yak completely misses you. You furiously retaliate!
You headbutt the yak! The yak gores you!
You die...

#.# #.##..
#.#######.##..
#.............
#.#######.##..
#.# #.##.. #.#
#..... #####.#
#####. #.....#
#...'.
#.#@###.###
#.###.
#..YYY....# #.
#..Y#>.#### #)
...........#
##
..........##
####
.......#...#
#...
.......#...#
#...
.......#...#
#...
......#...#
#...


You could see 4 yaks.

Vanquished Creatures
  A centaur warrior (D:9)
  Maggie (D:8)
  Joseph (D:8)
  5 yaks
  A steam dragon (D:8)
  A warg (D:9)
  A water moccasin (D:8)
  An acid dragon (D:7)
  An ice beast (D:7)
  2 black bears (D:7)
  2 sky beasts
  An ogre (D:5)
  2 centaurs (D:7)
  2 phantoms
  3 kobold brigands
  Blork the orc (D:5)
  4 bullfrogs
  A necrophage (D:7)
  A gnoll sergeant (D:7)
  4 scorpions
  6 wights
  A crimson imp (D:6)
  9 orc priests
  A hound (D:7)
  3 jellies
  3 iguanas
  9 orc wizards
  Ijyb (D:5)
  6 adders
  13 gnolls
  7 river rats
  A shadow imp (D:5)
  2 white imps (D:7)
  An ufetubus (D:5)
  3 worms
  3 dart slugs (D:1)
  41 orcs
  8 endoplasms
  3 giant cockroaches
  5 goblins
  9 hobgoblins
  9 jackals
  15 kobolds
  5 quokkas
  8 ball pythons
  4 bats
  7 frilled lizards
  15 rats
234 creatures vanquished.

Vanquished Creatures (others)
  An orc wizard (D:3)
  14 plants
15 creatures vanquished.

Grand Total: 249 creatures vanquished

Notes
Turn   | Place    | Note
-------+----------+-------------------------------------------
     0 | D:1      | Icepheonix32 the Minotaur Fighter began the quest for the
                  | Orb.
     0 | D:1      | Reached XP level 1. HP: 19/19 MP: 0/0
    89 | D:1      | Reached skill level 4 in Fighting
   103 | D:1      | Found a faded altar of an unknown god.
   112 | D:1      | Reached XP level 2. HP: 27/27 MP: 1/1
   611 | D:1      | Reached XP level 3. HP: 34/34 MP: 2/2
  1222 | D:2      | Reached XP level 4. HP: 15/41 MP: 3/3
  1438 | D:2      | Found a shimmering blue altar of Sif Muna.
  1519 | D:2      | Reached skill level 5 in Fighting
  1527 | D:2      | Reached skill level 1 in Dodging
  2079 | D:3      | Identified the +1 ring mail of the Equator {rN+}
  2173 | D:3      | Reached XP level 5. HP: 41/48 MP: 4/4
  2190 | D:3      | Reached skill level 1 in Maces & Flails
  2190 | D:3      | Reached skill level 1 in Polearms
  2492 | D:3      | Found a glowing drain.
  2500 | D:3      | Reached skill level 5 in Armour
  2512 | Sewer    | Entered a sewer
  2615 | Sewer    | Reached XP level 6. HP: 56/56 MP: 5/5
  3444 | D:3      | Reached skill level 6 in Fighting
  3506 | D:3      | Found a hazy altar of Hepliaklqana.
  3867 | D:4      | Reached XP level 7. HP: 57/63 MP: 6/6
  4775 | D:5      | Entered Level 5 of the Dungeon
  4874 | D:5      | Reached skill level 5 in Shields
  4875 | D:5      | Reached skill level 1 in Stealth
  4984 | D:5      | Reached XP level 8. HP: 67/71 MP: 7/7
  5006 | D:5      | Noticed Blork the orc
  5013 | D:5      | Killed Blork the orc
  5014 | D:5      | Reached skill level 7 in Fighting
  5072 | D:5      | Noticed Ijyb
  5084 | D:5      | Killed Ijyb
  5604 | D:6      | Found a burning altar of Makhleb.
  5605 | D:6      | Found a shimmering altar of Xom.
  5607 | D:6      | Reached skill level 1 in Throwing
  5675 | D:6      | Found Pyenegy's Hydra Hut.
  5681 | D:6      | Noticed a six-headed hydra
  5714 | D:6      | HP: 1/73 [something (15)]
  6919 | D:7      | Reached skill level 8 in Fighting
  6923 | D:7      | Reached skill level 1 in Short Blades
  6966 | D:7      | Found a staircase to the Ecumenical Temple.
  7011 | Temple   | Entered the Ecumenical Temple
  7252 | D:7      | Reached XP level 9. HP: 81/81 MP: 8/8
  7314 | D:7      | Reached skill level 5 in Dodging
  7530 | D:7      | Found a shimmering blue altar of Sif Muna.
  7532 | D:7      | Found an iron altar of Okawaru.
  7536 | D:7      | Became a worshipper of Warmaster Okawaru
  7769 | D:7      | Reached skill level 1 in Invocations
  7968 | D:7      | Found an opulent altar of Gozag.
  8136 | D:8      | Noticed Maggie
  8136 | D:8      | Found Noynaun's Demolitions Depot.
  8160 | D:8      | Killed Maggie
  8160 | D:8      | Reached * piety under Okawaru
  8516 | D:8      | Noticed Joseph
  8531 | D:8      | Killed Joseph
  8532 | D:8      | Reached skill level 9 in Fighting
  8546 | D:8      | Reached XP level 10. HP: 55/91 MP: 9/11
  8546 | D:8      | Reached ** piety under Okawaru
  9360 | D:9      | Found a staircase to the Orcish Mines.
  9625 | D:9      | Noticed a centaur warrior
  9626 | D:9      | Identified the ring of Departure {rF+ Str+4 SInv}
  9649 | D:9      | Killed a centaur warrior
 10022 | D:9      | HP: 2/91 [yak (4)]
 10024 | D:9      | Slain by a yak

Illustrated notes

Levels and vault maps discovered:
D:1:      pf_arrival_petrified_forest, layout_basic,
          chequers_ecumenical_altar_island, kennysheep_minor_cross
D:2:      layout_loops_ring, basic_altar
D:3:      layout_basic, nzn_hepliaklqana_mist_gate, portal_sewer_entry_b,
          bh_walls_and_bars
D:4:      layout_basic
D:5:      layout_gridville, chequers_serial_rivers_micro_c,
          eino_small_chamber_without_monster, uniq_blork_the_orc, uniq_ijyb
D:6:      layout_layer_cave, grunt_temple_overflow_champion_of_chaos,
          eino_tiny_chamber, doesnt_shop_hydraphobe
D:7:      layout_loops_ring, minitemple, grunt_gozag_statues,
          minmay_temple_entry_sparse_star, minmay_fractal_squares_gapless_5
D:8:      layout_cave_pools, nicolae_blasting_shop, uniq_joseph, uniq_maggie
D:9:      minmay_blocky_corners, layout_basic, lemuel_round_altar, david_orc_3,
          small_chamber_with_monster
Temple:   zaba_magenta_temple

Skill      XL: |  1  2  3  4  5  6  7  8  9 10 |
---------------+-------------------------------+-----
Fighting       | 4 5 6 8 9 |  9.6
Armour         | 4 5 6 7 8 |  8.4
Shields        | 4 5 6 7 |  7.1
Dodging        | 1 2 3 4 5 |  5.8
Maces & Flails | 1 3 4 |  4.5
Polearms       | 2 3 |  3.8
Stealth        | 1 2 |  2.5
Throwing       | 1 3 4 |  4.1
Short Blades   | 1 3 |  3.5
Invocations    | 2 3 |  3.7
Axes           | 4 |  4.4
Long Blades    | |  0.5

Action                   |  1- 3 |  4- 6 |  7- 9 | 10-12 || total
-------------------------+-------+-------+-------+-------++-------
Melee: War axe           |    27 |       |       |       ||    27
       Headbutt          |    12 |    45 |    65 |    13 ||   135
       Dagger            |    59 |     2 |   163 |    24 ||   248
       Spear             |       |   265 |    79 |       ||   344
       Flail             |       |    10 |       |       ||    10
       Mace              |       |       |   133 |       ||   133
       Hand axe          |       |       |       |    52 ||    52
       Triple sword      |       |       |       |     8 ||     8
Throw: Dart              |       |     5 |    45 |     5 ||    55
       Boomerang         |       |       |     5 |     7 ||    12
       Throwing net      |       |       |     1 |       ||     1
Invok: Heroism           |       |       |       |     1 ||     1
Evoke: Wand              |       |       |     1 |       ||     1
  Use: Potion            |     1 |     1 |    10 |     6 ||    18
       Scroll            |       |    10 |     8 |     2 ||    20
 Stab: Paralysed         |       |       |     2 |       ||     2
       Held in net/web   |       |       |     1 |       ||     1
Armor: Scale mail        |    44 |     8 |       |       ||    52
       Ring mail         |       |    96 |   207 |    65 ||   368
Dodge: Dodged            |    44 |   103 |   162 |    90 ||   399
Block: Buckler           |    19 |    48 |    87 |    23 ||   177
